 Dungeon Crawl Stone Soup version 0.25-a0-85-g7617fd2bc2 (webtiles) character file.

Game seed: 2188349101578005294, levelgen mode: deterministic

6729 D1HalberdGnoll the Covert (level 11, 0/58 HPs)
             Began as a Vine Stalker Assassin on Nov 8, 2019.
             Was a Believer of Fedhas.
             Slain by a five-headed hydra (6 damage)
             ... on level 9 of the Dungeon.
             The game lasted 00:18:44 (8702 turns).

D1HalberdGnoll the Covert (Vine Stalker Assassin)   Turns: 8702, Time: 00:18:44

Health: 0/58       AC: 21    Str: 16    XL:     11   Next: 4%
Magic:  0/15       EV: 13    Int: 12    God:    Fedhas [**....]
Gold:   750        SH: 11    Dex: 16    Spells: 8/10 levels left

rFire    . . .     SeeInvis +   o - +1 dagger (flame)
rCold    + . .     Gourm    .   y - +3 buckler {AC+3}
rNeg     . . .     Faith    .   q - +5 ring mail {rC+}
rPois    .         Spirit   +   e - +0 helmet
rElec    .         Reflect  +   c - +0 cloak
rCorr    .         Harm     .   b - +0 pair of gloves
MR       +....                  (no boots)
Stlth    ++++......             a - +3 amulet of reflection
HPRegen  0.59/turn              n - +5 ring of protection
MPRegen  0.14/turn              v - ring of see invisible

@: no status effects
A: fangs 3, regeneration 1, magic shield, antimagic bite, no potion heal 3, rot
immunity
a: Wall of Briars, Renounce Religion


You were on level 9 of the Dungeon.
You worshipped Fedhas.
Fedhas was pleased with you.
You were not hungry.

You visited 3 branches of the dungeon, and saw 12 of its levels.

You collected 1028 gold pieces.
You spent 278 gold pieces at shops.

Inventory:

Hand Weapons
 o - a +1 dagger of flaming (weapon)
 w - a +3 falchion of freezing
Missiles
 d - 14 poisoned darts (quivered)
 s - 2 boomerangs of dispersal
Armour
 b - a +0 pair of gloves (worn)
 c - a +0 cloak (worn)
 e - a +0 helmet (worn)
 q - a +5 ring mail of cold resistance (worn)
 y - a +3 buckler of protection (worn)
 C - a +2 pair of gloves
Jewellery
 a - a +3 amulet of reflection (around neck)
 k - an uncursed ring of resist corrosion
 n - a +5 ring of protection (left hand)
 v - a ring of see invisible (right hand)
 z - an uncursed ring of protection from cold
Wands
 m - a wand of digging (5)
 u - a wand of random effects (14)
 x - a wand of paralysis (7)
 B - a wand of disintegration (10)
Scrolls
 i - 9 scrolls of remove curse
 p - a scroll of enchant armour
 t - 5 scrolls of teleportation
 A - 8 scrolls of identify
 I - a scroll of blinking
 J - a scroll of fear
Potions
 g - 3 potions of lignification {unknown}
 h - 4 potions of haste {unknown}
 j - 5 potions of brilliance
 l - 6 potions of curing {unknown}
 r - a potion of might {unknown}
 D - 2 potions of invisibility {unknown}
 G - a potion of flight {unknown}
 H - a potion of resistance {unknown}
Comestibles
 f - 18 rations


   Skills:
 + Level 6.9 Fighting
 + Level 7.6 Short Blades
 - Level 1.7 Throwing
 - Level 4.0 Dodging
 + Level 12.2 Stealth
 - Level 4.1 Shields
 + Level 5.1 Invocations


You had 8 spell levels left.
You knew the following spells:

 Your Spells              Type           Power        Failure   Level  Hunger
a - Blink                 Tloc           N/A          67%         2    ###....

Your spell library contained the following spells:

 Spells                   Type           Power        Failure   Level  Hunger
 Magic Dart               Conj           #...         54%         1    ##.....
 Summon Small Mammal      Summ           #...         54%         1    ##.....
 Call Imp                 Summ           #.......     67%         2    ###....
 Slow                     Hex            #.......     67%         2    ###....
 Call Canine Familiar     Summ           #.......     88%         3    ####...
 Conjure Flame            Conj/Fire      #.......     88%         3    ####...
 Mephitic Cloud           Conj/Pois/Air  #.......     88%         3    ####...
 Summon Guardian Golem    Hex/Summ       #.......     88%         3    ####...
 Summon Ice Beast         Ice/Summ       #.......     99%         4    #####..
 Summon Lightning Spire   Summ/Air       #.......     99%         4    #####..


Dungeon Overview and Level Annotations

Branches:
Dungeon (10/15)            Temple (1/1) D:4            Lair (1/6) D:9
    Orc: D:9-12

Altars:
Ashenzari
Cheibriados
Dithmenos
Elyvilon
Fedhas
Gozag
Hepliaklqana
Kikubaaqudgha
Makhleb
Nemelex Xobeh
Okawaru
Qazlal
Ru
Sif Muna
Trog
Uskayaw
Vehumet
Wu Jian
Xom
Yredelemnul
Zin
The Shining One

Shops:
D:4 %?*   D:10 ?

Annotations:
D:3 Sigmund


Innate Abilities, Weirdness & Mutations

You have razor-sharp teeth.
Your natural rate of healing is unusually fast.
When hurt, damage is shared between your health and your magic reserves.
Your bite disrupts and absorbs the magic of your enemies.
Potions cannot restore your health.
You are immune to rotting.


Message History

The five-headed hydra bites you!
* * * LOW HITPOINT WARNING * * *
Evoke which item? (* to show all) (? for menu, Esc to quit)
Aiming: Paralyse
Press: ? - help, Shift-Dir - straight line, f - five-headed hydra
Aim: a five-headed hydra (heavily wounded, chance to defeat MR: 15%)
Okay, then.
Evoke which item? (* to show all) (? for menu, Esc to quit)
Aiming: Disintegrate
Press: ? - help, Shift-Dir - straight line, f - five-headed hydra
Aim: a five-headed hydra (heavily wounded, chance to defeat MR: 30%)
The five-headed hydra easily resists.
The five-headed hydra barely misses you.
The five-headed hydra bites you!
* * * LOW HITPOINT WARNING * * *
The five-headed hydra bites you!
* * * LOW HITPOINT WARNING * * *
The five-headed hydra bites you!
You die...
Fedhas appreciates your contribution to the ecosystem.

##### #.... ######## #########
#.... #......# ###.PPP...# #....
##......# ##.'.D@P...########....
.#.[....###..#.PPP...'.....##....
.'......'..>##.......#####..#....
##>.....######.......# ##.'....
#......# #.......# ###....
###'#### #.......# #.... #..#
####..### ####' ###'######
####.###### #. #........#
#.........### #####


You could see a five-headed hydra.

Vanquished Creatures
  A two-headed ogre (D:10)
  A manticore (D:7)
  Psyche (D:9)
  A spiny frog (Lair:1)
  A komodo dragon (D:10)
  A troll (D:9)
  3 hippogriffs
  A hornet (D:10)
  A spriggan (D:10)
  A steam dragon (D:8)
  Duvessa (D:5)
  2 orc warriors (D:8)
  A black bear (Lair:1)
  4 ice beasts
  A phantom (D:9)
  A centaur (D:10)
  5 ogres
  2 bullfrogs
  Dowan (D:5)
  4 scorpions
  6 killer bees (D:10)
  3 wights (D:6)
  8 howler monkeys
  2 crimson imps
  A centaur zombie (D:7)
  A quasit (D:6)
  A bullfrog skeleton (D:6)
  A hound (D:4)
  4 orc priests
  A centaur skeleton (D:6)
  A jelly (D:7)
  Ijyb (D:3)
  2 iguanas (D:6)
  7 orc wizards
  Natasha (thrice) (D:3)
  6 worker ants
  A hound skeleton (D:9)
  A howler monkey zombie (D:9)
  Robin (D:3)
  A howler monkey skeleton (D:2)
  A worker ant zombie (D:6)
  7 adders
  6 gnolls
  A river rat (D:4)
  A shadow imp (D:8)
  An adder zombie (D:5)
  2 worms
  3 dart slugs
  5 leopard geckos
  29 orcs
  3 ball pythons
  15 bats
  5 giant cockroaches
  17 goblins
  7 hobgoblins
  14 jackals
  8 quokkas
  6 frilled lizards
  6 kobolds
  2 leopard gecko skeletons
  2 leopard gecko zombies
  A quokka zombie (D:6)
  6 rats
234 creatures vanquished.

Vanquished Creatures (others)
  An orc (D:8)
  A plant (Lair:1)
2 creatures vanquished.

Grand Total: 236 creatures vanquished

Notes
Turn   | Place    | Note
-------+----------+-------------------------------------------
     0 | D:1      | D1HalberdGnoll the Vine Stalker Assassin began the quest
                  | for the Orb.
     0 | D:1      | Reached XP level 1. HP: 11/11 MP: 2/2
    41 | D:1      | Reached skill level 5 in Stealth
    93 | D:1      | Reached XP level 2. HP: 15/15 MP: 3/3
    93 | D:1      | Reached skill level 1 in Dodging
   496 | D:1      | Reached XP level 3. HP: 18/18 MP: 4/4
  1602 | D:2      | Gained mutation: Your natural rate of healing is unusually
                  | fast. [Vine Stalker growth]
  1602 | D:2      | Reached XP level 4. HP: 18/23 MP: 5/5
  2019 | D:3      | Noticed Robin
  2050 | D:3      | Killed Robin
  2054 | D:3      | Reached skill level 6 in Stealth
  2084 | D:3      | Reached XP level 5. HP: 25/27 MP: 4/6
  2253 | D:3      | Noticed Natasha
  2264 | D:3      | Killed Natasha
  2382 | D:3      | Noticed Ijyb
  2382 | D:3      | Noticed Sigmund
  2446 | D:3      | Killed Ijyb
  2541 | D:3      | Reached XP level 6. HP: 32/32 MP: 7/7
  2734 | D:3      | Noticed Natasha
  2745 | D:3      | Killed Natasha
  2947 | D:3      | Noticed Natasha
  2961 | D:3      | Killed Natasha
  3067 | D:4      | Reached skill level 7 in Stealth
  3149 | D:4      | Found Heyl's Food Boutique.
  3217 | D:4      | Found a staircase to the Ecumenical Temple.
  3228 | Temple   | Entered the Ecumenical Temple
  3634 | D:4      | Reached XP level 7. HP: 36/36 MP: 8/8
  3729 | D:4      | Found Zexzaas's General Store.
  3821 | D:4      | Bought a scroll of remove curse for 42 gold pieces
  3935 | D:4      | Found Ugeifir's Magic Scroll Boutique.
  3938 | D:4      | Bought a scroll of identify for 24 gold pieces
  3938 | D:4      | Bought a scroll of teleportation for 36 gold pieces
  4098 | D:5      | Entered Level 5 of the Dungeon
  4243 | D:5      | Noticed Duvessa
  4275 | D:5      | Killed Duvessa
  4275 | D:5      | Reached skill level 8 in Stealth
  4363 | D:5      | Gained mutation: You have razor-sharp teeth. [Vine Stalker
                  | growth]
  4363 | D:5      | Reached XP level 8. HP: 41/41 MP: 9/9
  4616 | D:5      | Noticed Dowan
  4632 | D:5      | Killed Dowan
  4733 | D:5      | Reached skill level 5 in Short Blades
  5065 | D:6      | Reached skill level 9 in Stealth
  5464 | D:7      | Noticed a manticore
  5466 | D:7      | Killed a manticore
  5466 | D:7      | Reached skill level 10 in Stealth
  5466 | D:7      | Reached XP level 9. HP: 41/46 MP: 10/10
  5558 | D:7      | Found a blossoming altar of Fedhas.
  5593 | D:7      | Became a worshipper of Fedhas Madash
  5707 | D:7      | Found a glowing silver altar of Zin.
  5712 | D:7      | Found a glowing golden altar of the Shining One.
  5730 | D:7      | Found a bloodstained altar of Trog.
  5844 | D:7      | Reached skill level 1 in Invocations
  6164 | D:8      | Reached skill level 1 in Shields
  6206 | D:8      | Reached skill level 5 in Fighting
  6471 | D:8      | Reached * piety under Fedhas
  6790 | D:8      | Reached skill level 11 in Stealth
  7228 | D:9      | Reached XP level 10. HP: 53/53 MP: 13/13
  7256 | D:9      | Noticed Psyche
  7260 | D:9      | Killed Psyche
  7475 | D:9      | Found a blossoming altar of Fedhas.
  7478 | D:9      | Found an ornate altar of the Wu Jian Council.
  7481 | D:9      | Found a radiant altar of Vehumet.
  7482 | D:9      | Found a shimmering blue altar of Sif Muna.
  7482 | D:9      | Found a sparkling altar of Nemelex Xobeh.
  7482 | D:9      | Found an ancient bone altar of Kikubaaqudgha.
  7482 | D:9      | Found a white marble altar of Elyvilon.
  7485 | D:9      | Found a shadowy altar of Dithmenos.
  7487 | D:9      | Found a stormy altar of Qazlal.
  7842 | D:9      | Found a staircase to the Lair.
  7912 | D:10     | Entered Level 10 of the Dungeon
  7989 | D:10     | Noticed a two-headed ogre
  8037 | D:10     | Learned a level 2 spell: Blink
  8056 | D:10     | Reached ** piety under Fedhas
  8153 | D:10     | Killed a two-headed ogre
  8357 | D:10     | Found Pefeluhe's Magic Scroll Shop.
  8363 | D:10     | Bought a scroll of blinking for 120 gold pieces
  8363 | D:10     | Bought a scroll of fear for 56 gold pieces
  8411 | D:10     | Reached skill level 12 in Stealth
  8570 | Lair:1   | Entered Level 1 of the Lair of Beasts
  8570 | Lair:1   | Noticed a spiny frog
  8576 | Lair:1   | Killed a spiny frog
  8576 | Lair:1   | Reached skill level 5 in Invocations
  8576 | Lair:1   | Reached XP level 11. HP: 58/58 MP: 15/15
  8630 | Lair:1   | Noticed a five-headed hydra
  8676 | Lair:1   | Noticed a five-headed hydra
  8702 | D:9      | Slain by a five-headed hydra

Levels and vault maps discovered:
D:1:      minmay_arrival_loop, layout_loops_ring
D:2:      layout_rooms, minmay_misc_feat_hallway, kennysheep_generic_room_16
D:3:      layout_loops_corners, first_ration, kennysheep_cluttered_room,
          minmay_misc_feat_chi, uniq_robin, uniq_ijyb, uniq_sigmund,
          uniq_natasha
D:4:      layout_loops_ring, minmay_temple_entry_stoned_glass,
          gup_sewer_entry_bowl, serial_shops, nicolae_shop_waterfront,
          nicolae_shop_statue_plus, kennysheep_mini, minmay_misc_feat_roman
D:5:      layout_loops_corners, uniq_duvessa
D:6:      layout_rooms, minmay_misc_feat_diagonals
D:7:      layout_basic, minmay_overflow_temple_star_quad, basic_altar
D:8:      minmay_polygon_palace, layout_basic
D:9:      layout_roguey, minitemple, lair_entry_dummy, uniq_psyche
D:10:     layout_rooms, serial_shops, shop, the_bakery
Temple:   eino_wide_crystal_templ
Lair:1:   layout_gridlike, serial_bayou_pond_a, serial_bayou_pond_e,
          serial_bayou_shore_b

Skill      XL: |  1  2  3  4  5  6  7  8  9 10 |
---------------+-------------------------------+-----
Stealth        | 5 6 7 8 10 11 12 | 12.2
Short Blades   | 2 3 4 5 6 7 |  7.6
Dodging        | 1 2 4 |  4.0
Fighting       | 2 3 4 5 6 |  6.9
Invocations    | 3 5 |  5.1
Shields        | 2 4 |  4.1
Throwing       | |  1.7

Action                   |  1- 3 |  4- 6 |  7- 9 | 10-12 || total
-------------------------+-------+-------+-------+-------++-------
Melee: Dagger            |   116 |   275 |   423 |   200 ||  1014
       Bite              |    24 |    75 |   155 |    81 ||   335
Throw: Dart              |    12 |    19 |    25 |    35 ||    91
Invok: Wall of Briars    |       |       |       |     1 ||     1
Evoke: Wand              |       |       |     3 |     3 ||     6
  Use: Scroll            |       |       |     9 |     3 ||    12
 Stab: Sleeping          |    12 |    11 |    19 |     6 ||    48
       Distracted        |       |     1 |     1 |       ||     2
       Paralysed         |       |       |       |     1 ||     1
  Eat: Chunk             |     2 |     7 |    12 |     1 ||    22
       Ration            |       |       |       |     1 ||     1
Armor: Robe              |    52 |    51 |       |       ||   103
       Ring mail         |       |    43 |   154 |    61 ||   258
Dodge: Dodged            |    97 |   120 |   158 |    82 ||   457
Block: Buckler           |       |       |    66 |   109 ||   175
       Reflection        |       |       |     5 |     1 ||     6

Table legend:
 A = Non-vault XP
 B = Vault XP
 C = Vault XP percentage of total XP
 D = Non-vault monster count
 E = Vault monster count
 F = Vault count percentage of total count
                 A         B        C        D         E       F
            +---------+---------+-------+---------+---------+-------
      Total |    8029 |    1585 |  16.5 |     197 |      38 |  16.2
            +---------+---------+-------+---------+---------+-------
        D:1 |      69 |       0 |   0.0 |      35 |       0 |   0.0
        D:2 |      48 |       2 |   4.0 |      14 |       2 |  12.5
        D:3 |     180 |     104 |  36.6 |      31 |      15 |  32.6
        D:4 |     407 |      18 |   4.2 |      21 |       3 |  12.5
        D:5 |     436 |     230 |  34.5 |      12 |       2 |  14.3
        D:6 |     508 |       0 |   0.0 |      20 |       0 |   0.0
        D:7 |    1053 |       0 |   0.0 |      14 |       0 |   0.0
        D:8 |     985 |     559 |  36.2 |      19 |      14 |  42.4
        D:9 |     970 |     448 |  31.6 |       7 |       1 |  12.5
       D:10 |    2824 |     224 |   7.3 |      22 |       1 |   4.3
     Lair:1 |     549 |       0 |   0.0 |       2 |       0 |   0.0
            +---------+---------+-------+---------+---------+-------
